 Dungeon Crawl Stone Soup version 0.30-a0-218-gedb9141078 (webtiles) character file.

Game seed: 18014399666868925323

25 meatgazer the Chopper (level 3, -3/33 HPs)
             Began as a Hill Orc Monk on Oct 5, 2022.
             Slain by Terence
             ... wielding a +2 flail of protection
              (9 damage)
             ... on level 2 of the Dungeon.
             The game lasted 00:01:36 (940 turns).

meatgazer the Chopper (Hill Orc Monk)                Turns: 940, Time: 00:01:37

Health: -3/33      AC:  3    Str: 15    XL:     3   Next: 4%
Magic:  3/3        EV: 12    Int: 10    God:
Gold:   54         SH:  0    Dex: 13    Spells: 2/2 levels left

rFire   . . .      SeeInvis .    a - +2 hand axe
rCold   . . .      Faith    .    (no shield)
rNeg    . . .      Spirit   .    b - +0 robe
rPois   .          Reflect  .    (no helmet)
rElec   .          Harm     .    (no cloak)
rCorr   .          Rampage  .    (no gloves)
Will    .....                    d - +0 pair of boots
Stlth   ++........               (no amulet)
HPRegen 0.25/turn                (no ring)
MPRegen 0.08/turn                (no ring)

@: no status effects
A: no striking features
a: no special abilities


You were on level 2 of the Dungeon.
You visited 1 branch of the dungeon, and saw 2 of its levels.

You collected 54 gold pieces.

Inventory:

Hand Weapons
 a - a +2 hand axe (weapon)
Armour
 b - a +0 robe (worn)
 d - a +0 pair of boots (worn)
 e - a +0 buckler
Scrolls
 j - 2 scrolls of teleportation
Potions
 c - 2 potions of ambrosia
 g - a potion of heal wounds {unknown}
 h - a potion of lignification


   Skills:
 * Level 4.2 Fighting
 * Level 4.6 Axes
 - Level 2.4 Dodging
 - Level 1.5 Stealth
 + Level 1.0 Shields


You had 2 spell levels left.
You didn't know any spells.
Your spell library was empty.

Dungeon Overview and Level Annotations

Branches:
Dungeon (2/15)

Altars:

Annotations:
D:2 Terence


Message History

Found 2 poisoned darts.
A bat comes into view.
An endoplasm comes into view.
The helpless bat fails to defend itself.
You hit the bat.
The bat is severely wounded.
The bat hits you. The bat hits you but does no damage.
You closely miss the bat.
The bat is heavily wounded.
The bat closely misses you.
You barely miss the bat.
The bat is heavily wounded.
The bat barely misses you.
Terence the Incautious comes into view.
He is wielding a +2 flail of protection.
The bat hits you but does no damage.
Found a ring mail.
The endoplasm quivers.
The bat hits you but does no damage. The endoplasm barely misses you.
You hit the endoplasm.
You kill the endoplasm!
The bat misses you. x2
You have reached level 3!
Your experience leads to an increase in your attributes!
Increase (S)trength, (I)ntelligence, or (D)exterity?
You feel stronger. x2
You hit the bat.
You kill the bat!
Terence shouts!
Your Shields skill increases to level 1!
Terence drinks a potion.
Terence seems to speed up.
You hit Terence but do no damage. Terence closely misses you.
Terence hits you with a +2 flail of protection!
You hit Terence but do no damage. Terence completely misses you.
You hit Terence but do no damage.
Terence hits you with a +2 flail of protection! x2
* * * LOW HITPOINT WARNING * * *
You closely miss Terence.
Terence hits you with a +2 flail of protection!
You die...

#.# #.# .# #.# .#
#.##########.#
#.#........ .######
#.#...#.... ....... #
#.#...#...# .......
####.#.#...#...##.......
...........#....@@......
####.###.#.#.#.##..[....
#. #..###..##.#..... .
#...#....#.# .... #.
#.....?..#.# ... #
#.?......#.. ..
#......##### . #.[....#
####.###


You could see Terence (fast).

Vanquished Creatures
  A dart slug (D:1)
  2 ball pythons (D:1)
  2 endoplasms
  3 hobgoblins (D:1)
  3 jackals (D:1)
  2 kobolds (D:1)
  A quokka (D:1)
  2 bats
  A frilled lizard (D:1)
  3 rats (D:1)
20 creatures vanquished.

Notes
Turn   | Place    | Note
-------+----------+-------------------------------------------
     0 | D:1      | meatgazer the Hill Orc Monk began the quest for the Orb.
     0 | D:1      | Reached XP level 1. HP: 19/19 MP: 1/1
   154 | D:1      | Found a faded altar of an unknown god.
   215 | D:1      | Reached XP level 2. HP: 27/27 MP: 2/2
   930 | D:2      | Noticed Terence
   933 | D:2      | Reached XP level 3. HP: 33/33 MP: 3/3
   934 | D:2      | Reached skill level 1 in Shields
   940 | D:2      | Slain by Terence

Illustrated notes

Levels and vault maps discovered:
D:1:      sevenhm_arrival_forest_fort_large_4, layout_loops_ring,
          hellmonk_ecumenical_altar_pennies_from_heaven
D:2:      layout_basic, serial_shops, nicolae_shop_waterfront,
          nicolae_shop_advertising_works [nicolae_subvault_shop_adworks],
          nicolae_shop_stone, shop, kennysheep_generic_room_5, uniq_terence

Skill      XL: |  1  2  3 |
---------------+----------+-----
Fighting       | 4 |  4.2
Shields        | 1 |  1.0
Axes           | |  4.6
Dodging        | |  2.4
Stealth        | |  1.5

Action                   || total
-------------------------++-------
Melee: Hand axe          ||    58
       Punch             ||     2
  Use: Scroll            ||     4
 Stab: Sleeping          ||     2
Armor: Robe              ||    15
Dodge: Dodged            ||    36

Table legend: (Time is in decaauts)
 A = Elapsed time spent in this place.
 B = Non-inter-level travel time spent in this place.
 C = Inter-level travel time spent in this place.
 D = Time resting spent in this place.
 E = Time spent auto-exploring this place.
 F = Levels seen in this place.
 G = Mean time per level.
                   A        B        C        D        E       F      G
               +--------+--------+--------+--------+--------+-----+--------+
         Total |    947 |    877 |     70 |      0 |    702 |   2 |  473.5 |
       Dungeon |    947 |    877 |     70 |      0 |    702 |   2 |  473.5 |
               +--------+--------+--------+--------+--------+-----+--------+

Top non-repeatable levels by time:
     D:1: 911 daAuts
     D:2: 35 daAuts
